 Dungeon Crawl Stone Soup version 0.24-a0-117-g53b5160 (webtiles) character file.

Game seed: 15196423117684835943

137 galech the Shield-Bearer (level 5, 41/41 HPs)
             Began as a Demonspawn Fighter on Feb 18, 2019.
             Quit the game on level 3 of the Dungeon.
             The game lasted 00:03:17 (2168 turns).

galech the Shield-Bearer (Demonspawn Fighter)       Turns: 2168, Time: 00:03:18

Health: 41/41      AC: 11    Str: 16    XL:     5   Next: 0%
Magic:  5/5        EV:  7    Int: 10    God:
Gold:   74         SH: 12    Dex: 16    Spells: 4/4 levels left

rFire    . . .     SeeInvis .   a - +0 war axe
rCold    . . .     Gourm    .   c - +0 shield
rNeg     . . .     Faith    .   b - +0 scale mail
rPois    .         Spirit   .   (helmet restricted)
rElec    .         Reflect  +   (no cloak)
rCorr    .         Harm     .   (no gloves)
MR       .....                  (no boots)
Stlth    ..........             i - +3 amulet of reflection
HPRegen  0.13/turn              l - +5 ring of protection
MPRegen  0.09/turn              r - +3 ring of dexterity

@: no status effects
A: claws 1, horns 2
a: no special abilities


You were on level 3 of the Dungeon.
You were not hungry.

You visited 1 branch of the dungeon, and saw 3 of its levels.

You collected 74 gold pieces.

Inventory:

Hand Weapons
 a - a +0 war axe (weapon)
Armour
 b - a +0 scale mail (worn)
 c - a +0 shield (worn)
Jewellery
 e - an uncursed amulet of regeneration
 i - a +3 amulet of reflection (around neck)
 l - a +5 ring of protection (left claw)
 q - an uncursed ring of stealth
 r - a +3 ring of dexterity (right claw)
Wands
 w - a wand of polymorph (3)
Scrolls
 h - 3 scrolls of teleportation {unknown}
 k - 2 scrolls of magic mapping {unknown}
 m - 5 scrolls of identify {unknown}
 o - a scroll of fear {unknown}
 p - 2 scrolls of remove curse {unknown}
 t - a scroll of immolation {unknown}
Potions
 d - 3 potions of might
 j - a potion of degeneration {unknown}
 n - a potion of invisibility {unknown}
 s - a potion of cancellation {unknown}
 u - a potion of ambrosia {unknown}
 v - a potion of agility {unknown}
Comestibles
 f - 6 rations
 g - 3 chunks of flesh


   Skills:
 + Level 3.3 Fighting
 + Level 3.1 Axes
 + Level 3.2 Armour
 + Level 0.8 Dodging
 + Level 3.5 Shields


You had 4 spell levels left.
You didn't know any spells.
Your spell library was empty.

Dungeon Overview and Level Annotations

Branches:
Dungeon (3/15)

Altars:


Innate Abilities, Weirdness & Mutations

You have sharp fingernails.
You have a pair of horns on your head.


Message History

The bat hits you but does no damage.
You hit the bat. Your headbutt misses the bat.
The bat is heavily wounded.
You block the bat's attack. The bat hits you but does no damage.
You block the bat's attack.
You slash the bat!
You kill the bat!
You have reached level 5!
Your demonic ancestry asserts itself...
Your fingernails lengthen.
You see here a frilled lizard skeleton.
Things that are here:
a +0 club; a hobgoblin corpse
Found an escape hatch in the ceiling.
There is an escape hatch in the ceiling here.
Some of the chunks of flesh in your inventory have rotted away.
Found a helmet.
m - 5 scrolls labeled WUCSILL VUISK (gained 1)
Found a stone staircase leading down.
Are you sure you want to abandon this character and quit the game? (Confirm with "yes".)

# ## ####### # #.
.....# # #> #...# #
#. ####...#### # #.
#.........###### #.
#...............
#.##.........#####.
#.@................
#######....#######.
#....# #. #.#..#
### #. #.###.....#
#. ## ..###.# #.
#.# #.###. #.#
#.##.. #.# #.##..


There were no monsters in sight!

Vanquished Creatures
  Ijyb (D:3)
  A gnoll (D:1)
  4 adders
  3 worms
  3 dart slugs
  A leopard gecko (D:1)
  A ball python (D:1)
  9 bats
  9 goblins
  2 hobgoblins
  5 jackals
  6 frilled lizards
  6 kobolds
  4 rats
55 creatures vanquished.

Notes
Turn   | Place    | Note
-------+----------+-------------------------------------------
     0 | D:1      | galech the Demonspawn Fighter began the quest for the Orb.
     0 | D:1      | Reached XP level 1. HP: 18/18 MP: 1/1
    59 | D:1      | Gained mutation: You have a pair of small horns on your
                  | head. [demonic ancestry]
    59 | D:1      | Reached XP level 2. HP: 23/24 MP: 2/2
   189 | D:1      | Gained mutation: You have a pair of horns on your head.
                  | [demonic ancestry]
   189 | D:1      | Reached XP level 3. HP: 8/29 MP: 3/3
   979 | D:2      | Reached XP level 4. HP: 35/35 MP: 4/4
  1638 | D:3      | Noticed Ijyb
  1966 | D:3      | Killed Ijyb
  2064 | D:3      | Gained mutation: You have sharp fingernails. [demonic
                  | ancestry]
  2064 | D:3      | Reached XP level 5. HP: 41/41 MP: 5/5
  2168 | D:3      | Quit the game

Levels and vault maps discovered:
D:1:      minmay_arrival_diagonal_passages, layout_rooms
D:2:      layout_basic
D:3:      layout_loops_ring, first_ration, uniq_ijyb

Skill      XL: |  1  2  3  4 |
---------------+-------------+-----
Shields        | 3 |  3.5
Axes           | 2 3 |  3.1
Armour         | 3 |  3.2
Fighting       | |  3.3
Dodging        | |  0.8

Action                   |  1- 3 |  4- 6 || total
-------------------------+-------+-------++-------
Melee: War axe           |   123 |    67 ||   190
       Headbutt          |    12 |     9 ||    21
  Eat: Chunk             |     1 |     3 ||     4
Armor: Scale mail        |    65 |    30 ||    95
       Skin              |       |     3 ||     3
Dodge: Dodged            |    55 |    17 ||    72
Block: Shield            |   110 |    33 ||   143

Table legend:
 A = Non-vault XP
 B = Vault XP
 C = Vault XP percentage of total XP
 D = Non-vault monster count
 E = Vault monster count
 F = Vault count percentage of total count
                 A         B        C        D         E       F
            +---------+---------+-------+---------+---------+-------
      Total |     161 |      36 |  18.3 |      54 |       1 |   1.8
            +---------+---------+-------+---------+---------+-------
        D:1 |      57 |       0 |   0.0 |      25 |       0 |   0.0
        D:2 |      70 |       0 |   0.0 |      18 |       0 |   0.0
        D:3 |      34 |      36 |  51.4 |      11 |       1 |   8.3
            +---------+---------+-------+---------+---------+-------
